 Dungeon Crawl Stone Soup version 0.29-a0-664-gff9cad4a3d (webtiles) character file.

Game seed: 14910596419137629121

282 sammy202020 the Skirmisher (level 6, -5/84 HPs)
             Began as a Minotaur Fighter on June 22, 2022.
             Slain by a gnoll
             ... wielding a +0 spear
             ... led by a gnoll sergeant
              (7 damage)
             ... on level 4 of the Dungeon.
             The game lasted 00:03:05 (2210 turns).

sammy202020 the Skirmisher (Minotaur Fighter)       Turns: 2210, Time: 00:03:05

Health: -5/84      AC: 11    Str: 21    XL:     6   Next: 6%
Magic:  5/5        EV:  8    Int:  5    God:
Gold:   85         SH: 10    Dex: 11    Spells: 5/5 levels left

rFire   . . .      SeeInvis .   a - +2 war axe (venom)
rCold   . . .      Faith    .   c - +0 buckler
rNeg    . . .      Spirit   .   k - +1 chain mail
rPois   .          Reflect  +   (helmet restricted)
rElec   .          Harm     .   (no cloak)
rCorr   .          Rampage  .   n - +0 pair of gloves
Will    .....                   (no boots)
Stlth   ..........              h - amulet of reflection
HPRegen 0.24/turn               (no ring)
MPRegen 0.09/turn               (no ring)

@: berserking, lethally poisoned (-5 -> -11), very quick
A: horns 2, retaliatory headbutt
a: no special abilities


You were on level 4 of the Dungeon.
You visited 1 branch of the dungeon, and saw 4 of its levels.

You collected 85 gold pieces.

Inventory:

Hand Weapons
 a - a +2 war axe of venom (weapon)
Armour
 c - a +0 buckler (worn)
 k - a +1 chain mail (worn)
 n - a +0 pair of gloves (worn)
Jewellery
 h - an amulet of reflection (around neck)
Scrolls
 e - a scroll of magic mapping {unknown}
 f - 3 scrolls of teleportation
Potions
 b - 2 potions of haste
 d - 2 potions of might
 m - 2 potions of brilliance
 o - a potion of attraction
 r - 6 potions of lignification
 s - a potion of heal wounds {unknown}


   Skills:
 * Level 5.3 Fighting
 * Level 4.5 Axes
 + Level 4.5 Armour
 + Level 2.2 Dodging
 + Level 4.5 Shields


You had 5 spell levels left.
You didn't know any spells.
Your spell library was empty.

Dungeon Overview and Level Annotations

Branches:
Dungeon (4/15)
 Temple: D:4-7

Altars:


Innate Abilities, Weirdness & Mutations

You have a pair of horns on your head.
You reflexively headbutt those who attack you in melee.


Message History

You feel yourself moving faster!
You feel mighty!
* * * LOW HITPOINT WARNING * * *
You feel very sick.
You kill the gnoll!
The gnoll sergeant barely misses you.
You are too berserk!
Sorry, you're not good enough to have a special ability.
You barely miss the giant cockroach.
* * * LOW HITPOINT WARNING * * *
You feel very sick.
A gnoll comes into view. It is wielding a +0 spear.
The gnoll sergeant hits you from afar with a +0 trident of venom.
* * * LOW HITPOINT WARNING * * *
The giant cockroach waves its antennae.
The giant cockroach bites you but does no damage.
You barely miss the giant cockroach.
* * * LOW HITPOINT WARNING * * *
You feel sick.
The gnoll shouts!
The giant cockroach barely misses you. You furiously retaliate!
You headbutt the giant cockroach!
You kill the giant cockroach!
You block the gnoll sergeant's attack.
You are too berserk!
* * * LOW HITPOINT WARNING * * *
You feel sick. You block the gnoll's attack.
The gnoll sergeant barely misses you. You furiously retaliate!
You headbutt the gnoll sergeant!
There is an open door, spattered with blood here.
Items here: $ ) ††.
You barely miss the gnoll sergeant.
The gnoll sergeant is moderately wounded.
* * * LOW HITPOINT WARNING * * *
You feel sick. The gnoll sergeant blocks your attack.
The gnoll sergeant is moderately wounded.
* * * LOW HITPOINT WARNING * * *
You feel sick.
The gnoll hits you from afar with a +0 spear!
You die...

#.# #.# #.#
#.# . #.###.#
#.# #.#
#..##.# #.#
##.# ... #.#
#######>#
#.......##
#.###.#..#
#+##@#
#.....#gg...#
#..$.. .....#
+##+## ##'##+
#.. ..# .# +


You could see a gnoll sergeant and a gnoll.

Vanquished Creatures
  A black bear (D:4)
  A jelly (D:4)
  A hound (D:4)
  2 gnolls (D:4)
  6 adders
  An ufetubus (D:4)
  A dart slug (D:1)
  4 bats
  3 endoplasms
  2 giant cockroaches
  7 hobgoblins
  2 kobolds
  4 quokkas
  7 ball pythons
  4 frilled lizards
  4 goblins
  4 rats
54 creatures vanquished.

Vanquished Creatures (others)
  A plant (D:1)
1 creature vanquished.

Grand Total: 55 creatures vanquished

Notes
Turn   | Place    | Note
-------+----------+-------------------------------------------
     0 | D:1      | sammy202020 the Minotaur Fighter began the quest for the
                  | Orb.
     0 | D:1      | Reached XP level 1. HP: 19/19 MP: 0/0
   137 | D:1      | You fall into a shaft and drop 1 floor!
   192 | D:2      | Reached XP level 2. HP: 23/27 MP: 1/1
   257 | D:2      | Reached skill level 4 in Fighting
   386 | D:1      | Reached XP level 3. HP: 33/33 MP: 2/2
   792 | D:1      | Reached skill level 1 in Dodging
  1397 | D:3      | Reached XP level 4. HP: 41/41 MP: 3/3
  2088 | D:4      | Reached XP level 5. HP: 39/47 MP: 4/4
  2145 | D:4      | Noticed a black bear
  2151 | D:4      | Killed a black bear
  2152 | D:4      | Reached skill level 5 in Fighting
  2202 | D:4      | Reached XP level 6. HP: 42/56 MP: 5/5
  2208 | D:4      | HP: 4/84 [poisoned by a gnoll sergeant]
  2210 | D:4      | Slain by a gnoll

Illustrated notes

Levels and vault maps discovered:
D:1:      mushboom_english_gardens, layout_loops_ring, chequers_big_river
D:2:      layout_rooms
D:3:      layout_rooms
D:4:      layout_loops_ring, mainiacjoe_overflow_24_doors

Skill      XL: |  1  2  3  4  5 |
---------------+----------------+-----
Fighting       | 4 5 |  5.3
Axes           | 3 4 |  4.5
Armour         | 4 |  4.5
Dodging        | 1 2 |  2.2
Shields        | 4 |  4.5

Action                   |  1- 3 |  4- 6 || total
-------------------------+-------+-------++-------
Melee: War axe           |    74 |    51 ||   125
       Headbutt          |    10 |     7 ||    17
  Use: Scroll            |    11 |     2 ||    13
       Potion            |       |     1 ||     1
Armor: Scale mail        |     8 |       ||     8
       Chain mail        |    29 |    19 ||    48
Dodge: Dodged            |    26 |    20 ||    46
Block: Buckler           |    25 |    28 ||    53

Table legend: (Time is in decaauts)
 A = Elapsed time spent in this place.
 B = Non-inter-level travel time spent in this place.
 C = Inter-level travel time spent in this place.
 D = Time resting spent in this place.
 E = Time spent auto-exploring this place.
 F = Levels seen in this place.
 G = Mean time per level.
                   A        B        C        D        E       F      G
               +--------+--------+--------+--------+--------+-----+--------+
         Total |   2265 |   2239 |     26 |      0 |   1763 |   4 |  566.2 |
       Dungeon |   2265 |   2239 |     26 |      0 |   1763 |   4 |  566.2 |
               +--------+--------+--------+--------+--------+-----+--------+

Top non-repeatable levels by time:
     D:1: 969 daAuts
     D:2: 454 daAuts
     D:3: 427 daAuts
     D:4: 413 daAuts
